 Dungeon Crawl Stone Soup version 0.27.1-2-g3b301248ec (webtiles) character file.

Game seed: 2684168277527531100

901 CuBeRJAN3 the Magician (level 7, -3/40 HPs)
             Began as a Deep Elf Fire Elementalist on Oct 5, 2021.
             Slain by an orc priest (10 damage)
             ... on level 7 of the Dungeon.
             The game lasted 00:22:43 (6577 turns).

CuBeRJAN3 the Magician (Deep Elf Fire Elementalist) Turns: 6577, Time: 00:22:44

Health: -3/40      AC:  2    Str:  5    XL:     7   Next: 80%
Magic:  15/19      EV: 12    Int: 22    God:
Gold:   263        SH:  0    Dex: 15    Spells: 8/19 levels left

rFire    . . .     SeeInvis .   e - +0 short sword
rCold    . . .     Faith    .   (no shield)
rNeg     . . .     Spirit   .   a - +0 robe
rPois    .         Reflect  .   (no helmet)
rElec    .         Harm     .   (no cloak)
rCorr    .         Rampage  .   (no gloves)
Will     .....                  (no boots)
Stlth    +++.......             (no amulet)
HPRegen  0.13/turn              (no ring)
MPRegen  0.16/turn              (no ring)

@: no status effects
A: no striking features
a: no special abilities


You were on level 7 of the Dungeon.
You visited 2 branches of the dungeon, and saw 8 of its levels.

You collected 263 gold pieces.

Inventory:

Hand Weapons
 e - a +0 short sword (weapon)
Missiles
 b - a throwing net
Armour
 a - a +0 robe (worn)
Wands
 o - a wand of flame (17)
Scrolls
 g - a scroll of amnesia {unknown}
 h - a scroll of magic mapping
 l - a scroll of silence {unknown}
 m - 2 scrolls of enchant armour {unknown}
 n - a scroll of noise {unknown}
 p - a scroll of enchant weapon {unknown}
Potions
 c - a potion of curing
 d - a potion of might {unknown}
 f - 3 potions of attraction
 i - 3 potions of magic
 j - a potion of degeneration {unknown}
 k - 3 potions of flight


   Skills:
 + Level 2.4 Fighting
 - Level 2.4 Dodging
 + Level 4.9 Stealth
 * Level 6.8 Spellcasting
 + Level 3.6 Conjurations
 + Level 3.5 Translocations
 + Level 4.9 Fire Magic


You had 8 spell levels left.
You knew the following spells:

 Your Spells              Type           Power      Damage    Failure   Level
a - Foxfire               Conj/Fire      100%       2x1d9     1%          1
b - Conjure Flame         Conj/Fire      26%        6-21      4%          3
c - Inner Flame           Hex/Fire       18%        N/A       9%          3
d - Sticky Flame          Conj/Fire      26%        2d5       14%         4

Your spell library contained the following spells:

 Spells                   Type           Power      Damage    Failure   Level
 Fireball                 Conj/Fire      13%        3d7       36%         5


Dungeon Overview and Level Annotations

Branches:
Dungeon (7/15)             Temple (1/1) D:4

Altars:
Ashenzari
Dithmenos
Fedhas
Gozag
Hepliaklqana
Kikubaaqudgha
Nemelex Xobeh
Okawaru
Qazlal
Ru
Trog
Uskayaw
Wu Jian
Xom
Yredelemnul
Zin
The Shining One

Annotations:
D:4 2 runed translucent doors, manix's ghost, amateur DjGl
D:6 Sigmund


Message History

Casting: Foxfire (safe; 1% risk of failure)
Press: ? - help, Q - select action, (/) - cycle Dir - look around, f - activate You conjure some foxfire!
Casting: Foxfire (safe; 1% risk of failure)
Press: ? - help, Q - select action, (/) - cycle Dir - look around, f - activate You conjure some foxfire!
Your foxfire dissipates!
Casting: Foxfire (safe; 1% risk of failure)
Press: ? - help, Q - select action, (/) - cycle Dir - look around, f - activate You conjure some foxfire!
The foxfire hits the orc priest.
The orc priest is moderately wounded.
The foxfire hits the orc priest.
The orc priest is heavily wounded.
The orc priest invokes the aid of Beogh against you.
Pain shoots through your body!
The foxfire hits the orc priest.
The orc priest is heavily wounded.
The foxfire hits the orc priest.
The orc priest is severely wounded.
The orc priest mumbles some strange prayers to Beogh against you.
Beogh smites you!
* * * LOW HITPOINT WARNING * * *
Your magical contamination has completely faded away.
There is a stone staircase leading down here.
The orc priest closely misses you.
You climb downwards.
Found a potion of curing.
There is a stone staircase leading up here.
Casting: Foxfire (safe; 1% risk of failure)
Press: ? - help, Q - select action, (/) - cycle Dir - look around, f - activate You conjure some foxfire!
The orc priest hits you with a +0 flail.
* * * LOW HITPOINT WARNING * * *
The foxfire hits the orc priest but does no damage.
The orc priest is heavily wounded.
The foxfire hits the orc priest.
The orc priest is severely wounded.
The orc priest hits you with a +0 flail!
You die...

# #.
##.###
##.....##
#.......##
.........#
........o#
.......@.#
.......###
......#
.....#
..... Y..#
!.. .#


You could see an ice beast (asleep) and an orc priest.

Vanquished Creatures
  A water moccasin (D:3)
  A black bear (D:6)
  An ice beast (D:5)
  2 necrophages
  A scorpion (D:5)
  A centaur skeleton (D:4)
  2 gnoll shamans
  A hound (D:6)
  2 iguanas (D:4)
  A killer bee zombie (D:6)
  A hound zombie (D:5)
  6 gnolls
  7 adders
  2 worms
  A dart slug (D:2)
  An orc (D:5)
  3 endoplasms
  A giant cockroach (D:3)
  6 goblins
  4 hobgoblins
  8 jackals
  9 quokkas
  3 ball pythons
  5 bats
  A frilled lizard (D:3)
  6 kobolds
  2 rats
79 creatures vanquished.

Vanquished Creatures (others)
  305 foxfires
  A withered plant (D:4)
306 creatures vanquished.

Grand Total: 385 creatures vanquished

Notes
Turn   | Place    | Note
-------+----------+-------------------------------------------
     0 | D:1      | CuBeRJAN3 the Deep Elf Fire Elementalist began the quest
                  | for the Orb.
     0 | D:1      | Reached XP level 1. HP: 10/10 MP: 6/6
   591 | D:1      | Found a faded altar of an unknown god.
  1130 | D:2      | Reached XP level 2. HP: 16/16 MP: 5/8
  1338 | D:2      | Reached XP level 3. HP: 20/20 MP: 6/10
  1713 | D:2      | Reached skill level 4 in Spellcasting
  1915 | D:2      | Reached skill level 1 in Translocations
  2198 | D:3      | Learned a level 3 spell: Conjure Flame
  2202 | D:3      | Learned a level 3 spell: Inner Flame
  2299 | D:3      | Reached XP level 4. HP: 24/24 MP: 10/12
  2299 | D:3      | Found an ornate altar of the Wu Jian Council.
  2675 | D:3      | Noticed a water moccasin
  2697 | D:3      | Killed a water moccasin
  2698 | D:3      | Reached skill level 1 in Fighting
  2698 | D:3      | Reached XP level 5. HP: 3/29 MP: 10/14
  2700 | D:3      | HP: 2/43 [poisoned by a water moccasin]
  3582 | D:4      | Learned a level 4 spell: Sticky Flame
  3725 | D:4      | Noticed an ogre
  3783 | D:4      | Reached skill level 5 in Spellcasting
  3791 | D:5      | Entered Level 5 of the Dungeon
  3976 | D:4      | Reached XP level 6. HP: 14/34 MP: 12/15
  4162 | D:4      | Found a staircase to the Ecumenical Temple.
  4201 | Temple   | Entered the Ecumenical Temple
  4533 | D:4      | Found a large runed translucent door.
  4533 | D:4      | Found a large runed translucent door.
  4534 | D:4      | Noticed manix's ghost (amateur DjGl)
  4826 | D:4      | Found a basalt altar of Yredelemnul.
  5764 | D:5      | Noticed an ice beast
  5784 | D:5      | Killed an ice beast
  5785 | D:5      | Reached XP level 7. HP: 40/40 MP: 9/17
  6042 | D:5      | Reached skill level 6 in Spellcasting
  6385 | D:6      | Noticed Sigmund
  6577 | D:7      | Slain by an orc priest

Illustrated notes

Levels and vault maps discovered:
D:1:      dpeg_arrival_windows_large_door, layout_loops_corners,
          hellmonk_ecumenical_altar_inner_sanctum
D:2:      layout_basic, lemuel_another_geyser
D:3:      layout_rooms, nicolae_wu_jian_wuxing_cycle,
          chequers_serial_rivers_small_a, minmay_close_crescents
D:4:      layout_basic, yredelemnul_altar_generic,
          minmay_temple_entry_nine_rooms, ebering_ghost_disaster_area,
          kennysheep_path_1
D:5:      layout_basic
D:6:      cheibrodos_quashed, layout_rooms, kennysheep_mini, serial_shops,
          nicolae_take_the_stairs, kennysheep_generic_room_16, uniq_sigmund
D:7:      layout_layer_cave, mainiacjoe_overflow_big_doors,
          ebering_ghost_inner_flame
Temple:   regret_index_temple_generic_petals

Skill      XL: |  1  2  3  4  5  6  7 |
---------------+----------------------+-----
Stealth        | 3 4 |  4.9
Spellcasting   | 4 5 6 |  6.8
Translocations | 1 2 3 |  3.5
Fighting       | 1 2 |  2.4
Conjurations   | 2 3 |  3.6
Fire Magic     | 4 |  4.9
Dodging        | |  2.4

Action                   |  1- 3 |  4- 6 |  7- 9 || total
-------------------------+-------+-------+-------++-------
Melee: Short sword       |    21 |    14 |       ||    35
 Cast: Foxfire           |    56 |   100 |    32 ||   188
       Conjure Flame     |       |     8 |     3 ||    11
       Inner Flame       |       |     1 |     1 ||     2
  Use: Potion            |       |     5 |       ||     5
       Scroll            |       |     4 |     1 ||     5
 Stab: Sleeping          |     2 |     1 |       ||     3
Armor: Robe              |     7 |    12 |       ||    19
Dodge: Dodged            |    22 |    48 |     4 ||    74
